 Dungeon Crawl Stone Soup version 0.30-a0-159-g068b764562 (webtiles) character file.

Game seed: 5416770607486183446

51037 Flugkiller the Nimble (level 14, -2/101 HPs)
             Began as an Octopode Reaver on Sept 27, 2022.
             Was an Elder of Wu Jian.
             Slain by a death yak (27 damage)
             ... on level 5 of the Lair of Beasts on Sept 28, 2022.
             The game lasted 00:46:47 (34971 turns).

Flugkiller the Nimble (Octopode Reaver)            Turns: 34971, Time: 00:46:47

Health: -2/101     AC:  1    Str: 32    XL:     14   Next: 57%
Magic:  27/29      EV: 18    Int: 21    God:    Wu Jian [****..]
Gold:   1195       SH:  5    Dex: 14    Spells: 3/25 levels left

rFire   x . .      SeeInvis .    R - +10 morningstar "Eos" {elec, Halo rElec}
rCold   + . .      Faith    .    (no shield)
rNeg    + . .      Spirit   .    (helmet restricted)
rPois   +          Reflect  +    p - amulet of reflection
rElec   +          Harm     .    o - ring of poison resistance
rCorr   .          Rampage  .    f - +6 ring of strength
Will    ++...                    Q - ring of the Bursting Enemy {Ice rPois Int+4 Stlth+}
Stlth   ++........               c - +6 ring of strength
HPRegen 0.26/turn                m - ring of willpower
MPRegen 0.21/turn                u - ring of magical power
                                 N - ring of Sodeix {rElec Str+6}
                                 H - ring "Kaosibbyz" {rN+ Str+3}

@: glowing, studying Dodging
A: almost no armour, amphibious, 8 rings, camouflage 1, gelatinous body 1,
(nimble swimmer 1), tentacles, low MP 1
a: Renounce Religion, Wall Jump, Serpent's Lash


You were on level 5 of the Lair of Beasts.
You worshipped Wu Jian.
Wu Jian was greatly pleased with you.
You visited 2 branches of the dungeon, and saw 16 of its levels.
You also visited: Ossuary and Gauntlet.

You collected 1195 gold pieces.

Inventory:

Hand Weapons
 b - the +9 great mace "Giant's Foe" {venom, Str+2}
   (You took it off a minotaur in a Gauntlet)

   It poisons the flesh of those it strikes.
   Str:       It affects your strength (+2).
 K - a +2 lajatang of draining
   (You found it on level 5 of the Lair of Beasts)
 R - the +10 morningstar "Eos" (weapon) {elec, Halo rElec}
   (You found it on level 5 of the Lair of Beasts)

   It occasionally discharges a powerful burst of electricity upon striking a
   foe.
   It grants its wielder a halo, revealing invisible creatures and increasing
   accuracy against all within it other than the wielder.
   rElec:     It insulates you from electricity.
Missiles
 D - a throwing net
 O - 7 curare-tipped darts (quivered)
Armour
 V - a +1 kite shield
   (You found it on level 3 of the Dungeon)
Magical Staves
 i - a staff of conjuration
   (You found it on level 2 of the Dungeon)
Jewellery
 c - a +6 ring of strength (on tentacle)
   (You found it on level 9 of the Dungeon)
 f - a +6 ring of strength (right tentacle)
   (You found it on level 3 of the Dungeon)
 m - a ring of willpower (on tentacle)
   (You found it on level 10 of the Dungeon)
 o - a ring of poison resistance (left tentacle)
   (You found it on level 1 of the Dungeon)
 p - an amulet of reflection (around mantle)
   (You found it on level 4 of the Dungeon)
 u - a ring of magical power (on tentacle)
   (You found it on level 1 of the Lair of Beasts)
 H - the ring "Kaosibbyz" (on tentacle) {rN+ Str+3}
   (You found it in a Gauntlet)

   [ring of positive energy]

   Str:       It affects your strength (+3).
   rN:        It protects you from negative energy.
 N - the ring of Sodeix (on tentacle) {rElec Str+6}
   (You took it off a minotaur in a Gauntlet)

   [ring of strength]

   Str:       It affects your strength (+6).
   rElec:     It insulates you from electricity.
 P - an amulet of guardian spirit
   (You found it on level 6 of the Dungeon)
 Q - the ring of the Bursting Enemy (on tentacle) {Ice rPois Int+4 Stlth+}
   (You acquired it on level 7 of the Dungeon)

   [ring of ice]

   It enhances your ice magic.
   Int:       It affects your intelligence (+4).
   rF:        It makes you vulnerable to fire.
   rC:        It protects you from cold.
   rPois:     It protects you from poison.
   Stlth:     It makes you more stealthy.
 X - an amulet of faith
   (You found it on level 8 of the Dungeon)
 Y - an amulet of magic regeneration
   (You found it in a Gauntlet)
Wands
 w - a wand of flame (14)
   (You found it on level 2 of the Lair of Beasts)
 E - a wand of acid (3)
   (You took it off Nessos on level 3 of the Lair of Beasts)
 F - a wand of roots (20)
   (You took it off Natasha on level 2 of the Dungeon)
 L - a wand of mindburst (31)
   (You found it on level 6 of the Dungeon)
 S - a wand of paralysis (4)
   (You took it off Maurice on level 9 of the Dungeon)
Scrolls
 s - 2 scrolls of vulnerability
 t - a scroll of teleportation
 x - a scroll of brand weapon
 y - a scroll of torment
 z - 3 scrolls of blinking
 A - 2 scrolls of amnesia
 C - 2 scrolls of magic mapping
 G - 2 scrolls of enchant armour
 I - a scroll of immolation
 M - 3 scrolls of poison
 U - a scroll of fear
 W - a scroll of fog
 Z - a scroll of summoning
Potions
 d - 2 potions of might
 e - 3 potions of lignification
 g - 4 potions of berserk rage
 h - 3 potions of mutation
 j - 4 potions of attraction
 k - 9 potions of brilliance
 n - a potion of haste {unknown}
 q - 13 potions of curing
 v - a potion of resistance {unknown}
 B - a potion of cancellation
 J - 3 potions of flight
 T - 6 potions of ambrosia
Miscellaneous
 a - a lightning rod (4/4)
   (You found it on level 8 of the Dungeon)


   Skills:
 - Level 11.0 Fighting
 - Level 8.0 Maces & Flails
 - Level 3.0 Polearms
 - Level 11.0 Dodging
 - Level 6.0 Spellcasting
 - Level 10.5 Conjurations
 + Level 9.5 Summonings
 - Level 8.5 Transmutations
 - Level 2.0 Fire Magic
 - Level 4.0 Ice Magic
 - Level 2.0 Earth Magic
 - Level 6.0 Evocations


You had 3 spell levels left.
You knew the following spells:

 Your Spells              Type           Power      Damage    Failure   Level
a - Kiss of Death         Conj/Necr      100%       2d13      1%          1
b - Volcanic Tap          Conj/Fire/Erth 52%        3d10      1%          2
c - Hailstorm             Conj/Ice       53%        3d12      1%          3
d - Summon Lightning Spi  Summ/Air       26%        N/A       14%         4
e - Ozocubu's Armour      Ice            34%        N/A       5%          3
f - Summon Ice Beast      Ice/Summ       51%        N/A       6%          4
i - Irradiate             Conj/Tmut      23%        3d19      5%          5

Your spell library contained the following spells:

 Spells                   Type           Power      Damage    Failure   Level
 Freeze                   Ice            100%       1d11      1%          1
 Passwall                 Tmut/Erth      23%        N/A       1%          2
 Stone Arrow              Conj/Erth      64%        3d11      2%          3
 Sandblast                Erth           28%        2d8       4%          1
 Scorch                   Fire           28%        2d6       6%          2
 Sublimation of Blood     Necr           6%         N/A       14%         2
 Iskenderun's Battlesphe  Conj           50%        2d10      3%          5
 Flame Wave               Conj/Fire      32%        2d9       8%          4
 Petrify                  Tmut/Erth      28%        N/A       11%         4
 Fireball                 Conj/Fire      16%        3d8       21%         5
 Summon Cactus Giant      Summ           23%        N/A       30%         6
 Orb of Destruction       Conj           25%        9d9       73%         7
 Metabolic Englaciation   Hex/Ice        11%        N/A       75%         5
 Conjure Ball Lightning   Conj/Air       14%        3x3d6     86%         6
 Ozocubu's Refrigeration  Ice            17%        4d11      100%        7
 Storm Form               Tmut/Air       12%        N/A       100%        7
 Maxwell's Capacitive Co  Air            3%         ∞         100%        8


Dungeon Overview and Level Annotations

Branches:
Dungeon (11/15) Zot: 24650  Temple (0/1) D:7            Lair (5/5) D:8 Zot: 19297
 Shoals (0/4) Lair:2       Spider (0/4) Lair:2        Slime (0/5) Lair:5
    Orc (0/2) D:9         Ossuary (visited)         Gauntlet (visited)

Altars:
Cheibriados
Elyvilon
Fedhas
Makhleb
Ru
Sif Muna
Vehumet
Wu Jian
Xom
Zin
Jiyva

Shops:
D:5 :

Annotations:
D:3 1 runed translucent door, Crazy Yiuf
D:4 exclusion: ogre
D:7 exclusion: door, Joseph
D:8 exclusion: 2 downstairs
Lair:3 exclusion: 2 oklob plants


Innate Abilities, Weirdness & Mutations

You cannot wear most types of armour.
You are amphibious.
You can wear up to eight rings at the same time.
Your skin changes colour to match your surroundings (Stealth+).
Your rubbery body absorbs attacks. (AC +1, EV +1)
((You are camouflaged when in or above water. (Stealth+)))
You have tentacles for arms and can constrict up to eight enemies at once.
Your magical capacity is low. (-10% MP)


Message History

Your lightning spire shoots out a bolt of lightning at the elephant zombie!
The bolt of electricity hits the elephant zombie!
The elephant zombie tramples your lightning spire.
The elephant zombie barely misses your lightning spire.
The elephant zombie tramples your lightning spire but does no damage.
The elephant zombie barely misses your lightning spire.
The elephant zombie tramples your lightning spire but does no damage.
The elephant zombie trunk-slaps your lightning spire but does no damage.
Your lightning spire shoots out a bolt of lightning at the elephant zombie!
The bolt of electricity hits the elephant zombie!
The elephant zombie tramples your lightning spire but does no damage.
The elephant zombie trunk-slaps your lightning spire but does no damage.
The elephant zombie tramples your lightning spire but does no damage.
The elephant zombie trunk-slaps your lightning spire.
Your lightning spire shoots out a bolt of lightning at the elephant zombie!
The bolt of electricity hits the elephant zombie.
Your lightning spire shoots out a bolt of lightning at the elephant zombie!
The bolt of electricity hits the elephant zombie!
The elephant zombie tramples your lightning spire.
The elephant zombie trunk-slaps your lightning spire but does no damage.
The elephant zombie tramples your lightning spire but does no damage.
The elephant zombie barely misses your lightning spire.
Your lightning spire shoots out a bolt of lightning at the elephant zombie!
The bolt of electricity hits the elephant zombie!
The elephant zombie tramples your lightning spire but does no damage.
The elephant zombie trunk-slaps your lightning spire but does no damage.
The elephant zombie tramples your lightning spire.
The elephant zombie trunk-slaps your lightning spire but does no damage.
Your lightning spire shoots out a bolt of lightning at the elephant zombie!
The bolt of electricity hits the elephant zombie!
The elephant zombie is destroyed!
The Council accepts your kill.
You start resting.
Your lightning spire disappears in a puff of smoke!
Magic restored.
There is an open gate here.
Things that are here:
a +0 dagger; a +0 robe
There is a large open door here.
There is a large open door here.
There is an open door here.
There is a large open door here.
F - a wand of roots (20) (gained 6 charges)
R - the +10 morningstar "Eos" {elec, Halo rElec} You now have 1195 gold pieces (gained 21).
Your +4 morningstar of flaming stops flaming.
You hear the crackle of electricity.
R - the +10 morningstar "Eos" (weapon)
{elec, Halo rElec} You drop a +4 morningstar of flaming.
As you read the scroll of identify, it crumbles to dust.
W - a scroll of fog
Okay, then.
Done exploring.
(D) Dungeon (T) Temple (L) Lair (A) Shoals (N) Spider Nest (M) Slime Pits (O) Orcish Mines
Where to? (Enter - Lair:4 @ (x,y), ? - help)
What level of the Dungeon? (default 8, ? - help)
What level of the Dungeon? (default 11, ? - help)
There is a large open door here.
There is an open door here.
There is a large open door here.
There is a large open door here.
Things that are here:
a +0 dagger; a +0 robe
There is an open gate here.
Casting: Summon Lightning Spire (dangerous; 14% risk of failure)
Confirm with . or Enter, or press ? or * to list all spells.
An electric hum fills the air.
The death yak bellows! x2; You hear a bellow!
Your lightning spire shoots out a bolt of lightning at the death yak!
The bolt of electricity hits the death yak.
Your lightning spire shoots out a bolt of lightning at the death yak!
The bolt of electricity hits the death yak! x2
The bolt of electricity hits your lightning spire.
Your lightning spire completely resists.
The bolt of electricity hits your lightning spire.
Your lightning spire completely resists.
You sock the death yak! You squeeze the death yak.
The death yak is moderately wounded.
You block the death yak's attack.
Your lightning spire shoots out a bolt of lightning at the death yak!
The bolt of electricity hits the death yak.
The bolt of electricity hits the death yak!
The bolt of electricity hits your lightning spire.
Your lightning spire completely resists.
The bolt of electricity hits your lightning spire.
Your lightning spire completely resists.
You sock the death yak! You squeeze the death yak!
The death yak is almost dead.
The death yak gores you!! The death yak misses you.
You sock the death yak!
You kill the death yak!
The Council accepts your kill. The death yak gores you!!
Your lightning spire shoots out a bolt of lightning at the death yak!
The bolt of electricity hits the death yak.
The death yak gores you!!
* * * LOW HITPOINT WARNING * * *
The death yak gores you!!
You die...

#....#...##.#...#..###.#....##
#....#..##..#.....#.##.#....#
...................#.#......#
............................##
.............................#
............................P#
....###......#...............#
....# #....###.......#P#.#...#
....###...##.#..@###.#####...#
.....##.....###YY.##.#P###...#
.....##........8Y##......#..##
.....##.......#...##....P.#..#
P...###......#...###...P..P..##
.....#.#....##...###..........#
......####.##....##.#..###...##
.....#.###+..##.......####.P##
.............<........#.#.P..#


You could see 3 death yaks and a friendly lightning spire (summoned).

Vanquished Creatures
  Nessos (Lair:3)
  2 dire elephants (Lair:5)
  A minotaur (Gauntlet)
  Snorg (D:11)
  Josephine (D:11)
  A hydra (Lair:5)
  A centaur warrior (D:8)
  A catoblepas (Lair:4)
  A boulder beetle (Lair:5)
  3 two-headed ogres
  4 death yaks
  A tengu warrior (Gauntlet)
  A spectral death yak (Lair:5)
  A spectral anaconda (Lair:5)
  3 large abominations (Gauntlet)
  An obsidian statue (Lair:5)
  Pikel (D:9)
  2 necromancers (Lair:5)
  An ugly thing (D:8)
  A cyclops (D:11)
  11 elephants
  A manticore (D:11)
  A dire elephant zombie (Lair:5)
  4 black mambas
  A gargoyle (D:11)
  Maurice (D:9)
  A torpor snail (Lair:1)
  A dire elephant skeleton (Lair:5)
  6 cane toads
  An unseen horror (D:8)
  14 komodo dragons
  2 tengu conjurers (Gauntlet)
  3 polar bears
  A meliai (Lair:2)
  A queen bee (D:9)
  A polar bear (shapeshifter) (D:8)
  20 blink frogs
  A wind drake (Lair:2)
  5 dream sheep (Lair:5)
  3 nameless horrors (Lair:5)
  A spectral elephant (Lair:5)
  2 shadows
  30 yaks
  7 wraiths
  2 vampires
  3 wyverns
  3 basilisks
  Menkaure (D:6)
  3 acid dragons
  8 water moccasins
  A spectral cane toad (Lair:5)
  2 orc warriors
  2 black bears
  2 sky beasts
  A hornet zombie (Ossuary)
  2 ice beasts
  An elephant zombie (Lair:5)
  An ogre (D:6)
  2 centaurs
  3 lemures (D:9)
  2 kobold brigands (D:7)
  7 bullfrogs
  A wyvern zombie (Ossuary)
  A cane toad simulacrum (Lair:5)
  5 necrophages
  3 small abominations (Gauntlet)
  2 scorpions
  A gnoll sergeant (D:8)
  5 water moccasin zombies (Ossuary)
  30 killer bees
  An elephant simulacrum (Lair:5)
  An electric eel (D:10)
  2 howler monkeys
  3 centaur zombies (Ossuary)
  6 bullfrog zombies (Ossuary)
  A hound (D:4)
  A jelly (D:8)
  6 orc priests
  Jessica (D:3)
  Terence (D:2)
  14 orc wizards
  Natasha (thrice) (D:2)
  4 iguanas
  13 mummies (Ossuary)
  5 adders
  5 gnolls (D:8)
  4 white imps
  2 ufetubi
  3 worms
  2 dart slugs (D:1)
  43 orcs
  5 ball pythons
  6 endoplasms
  2 giant cockroaches
  14 goblins
  11 hobgoblins
  8 jackals (D:1)
  16 kobolds
  3 quokkas
  6 bats
  10 frilled lizards
  5 rats
449 creatures vanquished.

Vanquished Creatures (collateral kills)
  2 death yaks (Lair:5)
  2 necromancers (Lair:5)
  A manticore (Lair:2)
  An elephant (Lair:5)
  A komodo dragon (Lair:2)
  A blink frog (Lair:5)
  A basilisk (Lair:2)
  A yak (Lair:5)
  A death yak simulacrum (Lair:5)
  A water moccasin (Lair:2)
  An elephant zombie (Lair:5)
  2 nameless horrors (Lair:5)
15 creatures vanquished.

Vanquished Creatures (others)
  A yak (D:7)
  A bullfrog zombie (Ossuary)
  3 mummies (Ossuary)
  5 bushes (Lair:5)
  4 demonic plants (Gauntlet)
  29 fungi
  50 plants
  40 withered plants
133 creatures vanquished.

Grand Total: 597 creatures vanquished

Notes
Turn   | Place    | Note
-------+----------+-------------------------------------------
     0 | D:1      | Flugkiller the Octopode Reaver began the quest for the Orb.
     0 | D:1      | Reached XP level 1. HP: 14/14 MP: 3/3
   219 | D:1      | Reached XP level 2. HP: 10/19 MP: 5/5
   767 | D:1      | Learned a level 2 spell: Volcanic Tap
   798 | D:1      | Reached XP level 3. HP: 22/24 MP: 6/6
  1662 | D:1      | Found a faded altar of an unknown god.
  1871 | D:1      | Prayed at the altar of an unknown god.
  1871 | D:1      | Became a worshipper of the Wu Jian Council
  1871 | D:1      | Reached * piety under Wu Jian
  2117 | D:2      | Reached XP level 4. HP: 23/29 MP: 7/7
  2411 | D:2      | Noticed Natasha
  2564 | D:2      | Noticed Terence
  3356 | D:3      | Reached XP level 5. HP: 36/36 MP: 8/8
  3566 | D:3      | Reached ** piety under Wu Jian
  3650 | D:3      | Found a runed translucent door.
  3651 | D:3      | Noticed Crazy Yiuf
  3877 | D:3      | Found a snail-covered altar of Cheibriados.
  3951 | D:3      | Noticed Jessica
  4226 | D:3      | Found a blossoming altar of Fedhas.
  4480 | D:4      | Found a sand-covered staircase.
  4520 | Ossuary  | Entered an ossuary
  4540 | Ossuary  | Reached skill level 1 in Fire Magic
  4540 | Ossuary  | Reached skill level 1 in Earth Magic
  4540 | Ossuary  | Reached XP level 6. HP: 41/42 MP: 8/10
  4544 | Ossuary  | Learned a level 3 spell: Hailstorm
  4646 | Ossuary  | Reached skill level 5 in Conjurations
  4689 | Ossuary  | Reached XP level 7. HP: 20/46 MP: 7/11
  5559 | Ossuary  | Reached XP level 8. HP: 44/54 MP: 12/14
  5602 | Ossuary  | Reached skill level 1 in Ice Magic
  6390 | D:4      | Found a shimmering altar of Xom.
  6740 | D:3      | Killed Jessica
  6915 | D:2      | Killed Terence
  6970 | D:2      | Killed Natasha
  7025 | D:2      | Noticed Natasha
  7032 | D:2      | Killed Natasha
  7167 | D:2      | Noticed Natasha
  7177 | D:2      | Killed Natasha
  7451 | D:4      | Reached *** piety under Wu Jian
  7455 | D:4      | Found a radiant altar of Vehumet.
  7735 | D:4      | Learned a level 5 spell: Irradiate
  7880 | D:4      | Reached skill level 1 in Evocations
  8190 | D:5      | Entered Level 5 of the Dungeon
  8332 | D:5      | Reached skill level 1 in Transmutations
  8458 | D:5      | Found a glowing silver altar of Zin.
  8633 | D:5      | Found Getu's Book Boutique.
  9012 | D:5      | Reached skill level 5 in Dodging
  9104 | D:5      | Reached XP level 9. HP: 43/56 MP: 15/15
  9602 | D:6      | Noticed Menkaure
  9891 | D:6      | Killed Menkaure
 10203 | D:6      | Found a white marble altar of Elyvilon.
 11025 | D:7      | Found a shimmering blue altar of Sif Muna.
 11146 | D:7      | Found a staircase to the Ecumenical Temple.
 11182 | D:7      | Noticed Joseph
 11956 | D:7      | Identified a scroll of acquirement
 11957 | D:7      | Acquired the ring of the Bursting Enemy {Ice rPois Int+4
                  | Stlth+}
 12575 | D:8      | Noticed an elephant
 13121 | D:7      | Reached skill level 5 in Transmutations
 13526 | D:8      | Noticed a centaur warrior
 13532 | D:8      | Killed a centaur warrior
 13532 | D:8      | Reached skill level 5 in Evocations
 13532 | D:8      | Reached XP level 10. HP: 18/63 MP: 10/16
 13831 | D:8      | Found a staircase to the Lair.
 14201 | D:8      | Found a staircase to the Lair.
 14945 | D:8      | Noticed a white ugly thing
 14952 | D:8      | Killed a green ugly thing
 15467 | D:8      | Killed an unseen horror
 15514 | D:8      | Killed an elephant
 16009 | D:9      | Found a staircase to the Orcish Mines.
 16357 | D:9      | Noticed a two-headed ogre
 16478 | D:9      | Noticed Pikel
 16495 | D:9      | Killed Pikel
 17201 | D:9      | Noticed Maurice
 17208 | D:9      | Killed Maurice
 17209 | D:9      | Reached skill level 10 in Conjurations
 17209 | D:9      | Reached XP level 11. HP: 63/69 MP: 8/17
 18065 | D:9      | Reached **** piety under Wu Jian
 18238 | D:9      | Killed a two-headed ogre
 18239 | D:9      | Reached skill level 5 in Spellcasting
 19705 | D:9      | Found a staircase to the Orcish Mines.
 20128 | D:10     | Entered Level 10 of the Dungeon
 20148 | D:10     | Noticed a two-headed ogre
 20157 | D:10     | Killed a two-headed ogre
 20709 | D:10     | Reached skill level 5 in Fighting
 20881 | D:10     | Found a burning altar of Makhleb.
 20882 | D:10     | Found a sacrificial altar of Ru.
 21166 | D:11     | Noticed a manticore
 21172 | D:11     | Killed a manticore
 21525 | D:11     | Noticed a two-headed ogre
 21536 | D:11     | Noticed Snorg
 21538 | D:11     | Killed a two-headed ogre
 21539 | D:11     | Reached XP level 12. HP: 80/80 MP: 4/21
 21725 | D:11     | Identified the +1 pair of gloves "Yrewk" {rCorr}
 21923 | D:11     | Noticed Josephine
 22307 | D:11     | Killed Snorg
 22548 | D:11     | Killed Josephine
 22548 | D:11     | Gained mutation: Your magical capacity is low. (-10% MP)
                  | [mutagenic glow]
 23373 | Lair:1   | Entered Level 1 of the Lair of Beasts
 23452 | Lair:1   | Noticed a death yak
 23453 | Lair:1   | Noticed a death yak
 23464 | Lair:1   | Killed a death yak
 23465 | Lair:1   | Killed a death yak
 23954 | Lair:1   | Reached skill level 10 in Dodging
 24389 | Lair:2   | Reached ***** piety under Wu Jian
 24801 | Lair:2   | Found a hole to the Spider Nest.
 25127 | Lair:2   | Found a staircase to the Shoals.
 25485 | Lair:2   | Reached XP level 13. HP: 69/90 MP: 2/19
 26011 | Lair:2   | Reached skill level 10 in Fighting
 26332 | Lair:3   | Learned a level 4 spell: Summon Lightning Spire
 26398 | Lair:3   | Noticed Nessos
 26754 | Lair:3   | Reached skill level 1 in Maces & Flails
 26787 | Lair:3   | Killed Nessos
 26788 | Lair:3   | Reached skill level 1 in Summonings
 28895 | Lair:5   | Entered Level 5 of the Lair of Beasts
 29020 | Lair:5   | Found a gate leading to a gauntlet.
 29032 | Gauntlet | Entered a Gauntlet
 29032 | Gauntlet | Found a transporter.
 29106 | Gauntlet | Found a transporter.
 29121 | Gauntlet | Found a transporter.
 29126 | Gauntlet | Found a transporter.
 29146 | Gauntlet | Found a transporter.
 29160 | Gauntlet | Found a transporter.
 29172 | Gauntlet | Found a transporter.
 29184 | Gauntlet | Found a transporter.
 29190 | Gauntlet | Found a transporter.
 29190 | Gauntlet | Found a transporter.
 29205 | Gauntlet | Found a transporter.
 29210 | Gauntlet | Noticed a reaper
 29217 | Gauntlet | Found a transporter.
 29234 | Gauntlet | Found a transporter.
 29290 | Gauntlet | Found a transporter.
 29348 | Gauntlet | Found a transporter.
 29368 | Gauntlet | Found a transporter.
 29393 | Gauntlet | Found a transporter.
 29395 | Gauntlet | Found a transporter.
 29715 | Gauntlet | Identified the ring "Kaosibbyz" {rN+ Str+3}
 29941 | Gauntlet | Identified the +9 great mace "Giant's Foe" {venom, Str+2}
 29941 | Gauntlet | Identified the ring of Sodeix {rElec Str+6}
 29941 | Gauntlet | Noticed a minotaur
 29953 | Gauntlet | Killed a minotaur
 29954 | Gauntlet | Got the Anthology of Frostbite
 30152 | Lair:5   | Learned a level 3 spell: Ozocubu's Armour
 30157 | Lair:5   | Learned a level 4 spell: Summon Ice Beast
 30747 | Lair:5   | Reached skill level 5 in Maces & Flails
 30747 | Lair:5   | Reached skill level 5 in Summonings
 31450 | Lair:5   | Reached XP level 14. HP: 101/101 MP: 20/20
 32049 | Lair:5   | Noticed a dire elephant
 32050 | Lair:5   | Noticed a dire elephant
 32051 | Lair:5   | Found the +10 morningstar "Eos" {elec, Halo rElec}
 32784 | Lair:5   | Found a viscous altar of Jiyva.
 32785 | Lair:5   | Found a staircase to the Slime Pits.
 34471 | Lair:5   | Killed a dire elephant
 34641 | Lair:5   | Killed a dire elephant
 34971 | Lair:5   | Slain by a death yak

Illustrated notes

Levels and vault maps discovered:
D:1:      minmay_arrival_nine_rooms, layout_loops_cross,
          ebering_ecumenical_altar_hall, bh_walls_and_bars
D:2:      layout_rooms, palyth_stone_intersect, uniq_natasha, uniq_terence
D:3:      kennysheep_the_goblin_king, layout_loops_ring,
          mainiacjoe_overflow_concentric_impassable, fedhas_altar_fruit_tree,
          hangedman_glass_teeth, corexii_leaking_fountain, st_stairs_10,
          uniq_crazy_yiuf_cottage, uniq_jessica
D:4:      layout_loops_cross, general_overflow_altar, lemuel_tele_altar,
          nicolae_ossuary_entry_monument, minivault_11
D:5:      layout_gridville, zin_treasury, serial_shops, nicolae_shop_crystal,
          kennysheep_cluttered_room, nicolae_zen_rock_garden
D:6:      layout_gridville, nicolae_elyvilon_peaceful_grove,
          chequers_serial_rivers_marsh, uniq_menkaure
D:7:      kennysheep_six_static_rooms, layout_basic, overflow_temple_1_default,
          minmay_temple_entry_junction_2, uniq_joseph
D:8:      minmay_tri_box, layout_cave_pools, david_lair_generic
D:9:      layout_roguey [special_room_bee], orc_0_dummy, minmay_diced_spiral,
          uniq_maurice, uniq_pikel
D:10:     layout_roguey, nicolae_overflow_squiral
D:11:     layout_loops_ring, uniq_josephine, uniq_snorg
Lair:1:   layout_chaotic_city, nicolae_quartered_pool_medium
Lair:2:   layout_small_grid, minmay_shoals_entry_beasts,
          hellmonk_spider_entry_not_the_bees, beast_lair_carwin_1,
          grunt_megastairs_4
Lair:3:   layout_layer_cave, dpeg_oklob_1, uniq_nessos
Lair:4:   layout_concentric_octagons, nicolae_lair_lil_pond
Lair:5:   due_jungle_book, layout_regular_city, dpeg_slime_entry_enclosed,
          gauntlet_entry_generic

Skill      XL: |  1  2  3  4  5  6  7  8  9 10 11 12 13 14 |
---------------+-------------------------------------------+-----
Conjurations   | 4 5 6 8 10 | 10.5
Dodging        | 3 4 5 6 7 11 | 11.0
Fighting       | 3 4 6 9 11 | 11.0
Fire Magic     | 1 2 |  2.0
Earth Magic    | 1 2 |  2.0
Spellcasting   | 3 4 6 |  6.0
Ice Magic      | 4 |  4.0
Evocations     | 2 5 6 |  6.0
Transmutations | 2 5 7 8 |  8.5
Maces & Flails | 6 8 |  8.0
Summonings     | 6 9 |  9.5
Polearms       | |  3.0

Action                   |  1- 3 |  4- 6 |  7- 9 | 10-12 | 13-15 || total
-------------------------+-------+-------+-------+-------+-------++-------
Melee: Spear             |   134 |   146 |   350 |   352 |     7 ||   989
       Constrict         |    27 |    34 |    64 |    47 |    26 ||   198
       Punch             |     4 |       |     7 |     8 |     9 ||    28
       Tentacles         |    15 |    34 |    87 |    92 |    80 ||   308
       Morningstar       |       |       |       |       |   266 ||   266
Throw: Dart              |       |       |       |    14 |     2 ||    16
 Cast: Kiss of Death     |     1 |       |     2 |       |       ||     3
       Volcanic Tap      |       |     2 |    19 |     1 |       ||    22
       Hailstorm         |       |       |    21 |    78 |    19 ||   118
       Irradiate         |       |       |     2 |    52 |    47 ||   101
       Summon Ice Beast  |       |       |       |       |     3 ||     3
       Summon Lightning  |       |       |       |       |    25 ||    25
Invok: Whirlwind         |       |     3 |     9 |    12 |    31 ||    55
       Lunge             |       |       |     1 |     2 |    13 ||    16
       Serpent's Lash    |       |       |     3 |     4 |    17 ||    24
Evoke: Wand              |       |       |     3 |    11 |     2 ||    16
  Use: Scroll            |       |     5 |    13 |    10 |    11 ||    39
       Potion            |       |     1 |     2 |     3 |     1 ||     7
 Stab: Sleeping          |     8 |     1 |     6 |     4 |       ||    19
       Distracted        |     1 |     1 |     1 |     2 |     3 ||     8
       Paralysed         |       |       |       |       |    13 ||    13
Armor: Skin              |    10 |     2 |    13 |    14 |     7 ||    46
Dodge: Dodged            |    61 |    53 |   179 |   233 |   228 ||   754
Block: Other             |       |     5 |    69 |    67 |    46 ||   187
       Reflection        |       |       |     1 |     1 |       ||     2

Table legend: (Time is in decaauts)
 A = Elapsed time spent in this place.
 B = Non-inter-level travel time spent in this place.
 C = Inter-level travel time spent in this place.
 D = Time resting spent in this place.
 E = Time spent auto-exploring this place.
 F = Levels seen in this place.
 G = Mean time per level.
                   A        B        C        D        E       F      G
               +--------+--------+--------+--------+--------+-----+--------+
         Total |  35093 |  33947 |   1146 |  16833 |  11662 |  18 | 1949.6 |
       Dungeon |  21598 |  20666 |    932 |   9282 |   8285 |  11 | 1963.5 |
          Lair |  10701 |  10487 |    214 |   5776 |   2949 |   5 | 2140.2 |
       Ossuary |   1839 |   1839 |      0 |   1430 |    130 |   1 | 1839.0 |
      Gauntlet |    954 |    954 |      0 |    345 |    298 |   1 |  954.0 |
               +--------+--------+--------+--------+--------+-----+--------+

Top non-repeatable levels by time:
  Lair:5: 3999 daAuts
     D:8: 3859 daAuts
     D:9: 2679 daAuts
     D:7: 2603 daAuts
  Lair:4: 2172 daAuts
  Lair:2: 1924 daAuts
     D:1: 1918 daAuts
     D:2: 1857 daAuts
 Ossuary: 1839 daAuts
     D:5: 1723 daAuts
    D:11: 1693 daAuts
     D:3: 1588 daAuts
    D:10: 1577 daAuts
  Lair:3: 1447 daAuts
  Lair:1: 1156 daAuts
